 Dungeon Crawl Stone Soup version 0.19.1 (webtiles) character file.

219 omegacute the Basher (level 5, -8/81 HPs)
             Began as an Ogre Berserker on Nov 29, 2016.
             Was a Priest of Trog.
             Mangled by a gnoll
             ... wielding a cursed -3 halberd
              (13 damage)
             ... on level 3 of the Dungeon.
             The game lasted 00:09:46 (2450 turns).

omegacute the Basher (Ogre Berserker)               Turns: 2450, Time: 00:09:47

Health: -8/81      AC:  3    Str: 28    XL:     5   Next: 96%
Magic:  5/5        EV: 10    Int:  6    God:    Trog [***...]
Gold:   86         SH:  0    Dex:  9    Spells: 0 memorised, 4 levels left

rFire  . . .     SeeInvis .     a - +0 mace
rCold  . . .     Gourm    .     b - +0 animal skin
rNeg   . . .     Faith    .     (no shield)
rPois  .         Spirit   .     (helmet restricted)
rElec  .         Reflect  .     (no cloak)
rCorr  .         Harm     .     (gloves unavailable)
MR     .....                    (boots unavailable)
Stlth  ..........               (no amulet)
                                (no ring)
                                (no ring)

@: berserking (expiring), very quick
A: unfitting armour, tough skin 1
a: Berserk, Trog's Hand, Burn Spellbooks, Renounce Religion


You were on level 3 of the Dungeon.
You worshipped Trog.
Trog was most pleased with you.
You were very hungry.

You visited 1 branch of the dungeon, and saw 3 of its levels.

You collected 86 gold pieces.

Inventory:

Hand Weapons
 a - a +0 mace (weapon)
Armour
 b - a +0 animal skin (worn)
Scrolls
 e - 4 scrolls of enchant weapon {unknown}
 j - a scroll of magic mapping {unknown}
 l - a scroll of amnesia {unknown}
 m - 2 scrolls of remove curse {unknown}
Potions
 d - a potion of magic {unknown}
 f - a potion of brilliance {unknown}
 g - 2 potions of degeneration {unknown}
 h - 2 potions of resistance {unknown}
 k - 2 potions of curing {unknown}
Comestibles
 c - 2 bread rations
 i - a meat ration
 n - 3 chunks of flesh


   Skills:
 - Level 4.0 Fighting
 + Level 8.5 Maces & Flails
 - Level 2.6 Dodging


You had 4 spell levels left.
You didn't know any spells.

Dungeon Overview and Level Annotations

Branches:
Dungeon (3/15)

Altars:
Hepliaklqana
Okawaru


Innate Abilities, Weirdness & Mutations

You are too large for most types of armour.
You have tough skin. (AC +1)


Message History

You kill the gnoll!
Trog accepts your kill. The gnoll misses you. The gnoll barely misses you.
The dart slug bites you.
* * * LOW HITPOINT WARNING * * *
You see here 17 gold pieces.
You take 2 damage, and have 4/81 hp.
You sock the gnoll!
The gnoll is severely wounded.
You barely miss the gnoll.
The gnoll is severely wounded.
The gnoll barely misses you. The gnoll hits you but does no damage.
The dart slug bites you but does no damage.
You closely miss the gnoll.
The gnoll is severely wounded.
You thump the gnoll!
You kill the gnoll!
Trog accepts your kill.
The gnoll hits you from afar with a halberd!
You die...

# #.)......# #.#
# #......#.# .#
# #......#.# #
#......####+####
#......#≈≈≈.≈≈≈#
#.....<#≈..⌠..
######.#≈g♣.♣
#.†)⌠w♣ ###≈@♣.♣
#≈).⌠..≈#
#≈≈≈.≈≈≈#
####'#### .>#
###


You could see a gnoll and a dart slug.

Vanquished Creatures
  The ghost of Philosophy the Shield-Bearer, an amateur MiFi (D:3)
  3 gnolls (D:3)
  2 adders
  An ooze (D:3)
  3 worms
  A leopard gecko (D:1)
  7 orcs (D:3)
  11 bats
  2 giant cockroaches
  9 goblins
  3 hobgoblins
  6 jackals
  6 kobolds
  A ball python (D:1)
  5 frilled lizards
  5 rats
66 creatures vanquished.

Notes
Turn   | Place    | Note
-------+----------+-------------------------------------------
     0 | D:1      | omegacute the Ogre Berserker began the quest for the Orb.
     0 | D:1      | Reached XP level 1. HP: 24/24 MP: 1/1
   162 | D:1      | Reached XP level 2. HP: 32/32 MP: 2/2
   284 | D:1      | Reached skill level 5 in Maces & Flails
   378 | D:1      | Reached ** piety under Trog
   785 | D:2      | Reached XP level 3. HP: 25/39 MP: 3/3
  1054 | D:2      | Found an iron altar of Okawaru.
  1412 | D:2      | Reached skill level 6 in Maces & Flails
  1799 | D:3      | Noticed Philosophy's ghost (amateur MiFi)
  1818 | D:3      | Killed Philosophy's ghost
  1818 | D:3      | Reached skill level 7 in Maces & Flails
  1818 | D:3      | Reached XP level 4. HP: 25/48 MP: 4/4
  1818 | D:3      | Reached XP level 5. HP: 29/54 MP: 5/5
  2197 | D:3      | Found a hazy altar of Hepliaklqana.
  2211 | D:3      | Reached skill level 8 in Maces & Flails
  2354 | D:3      | Reached *** piety under Trog
  2446 | D:3      | HP: 4/81 [dart slug (2)]
  2450 | D:3      | Mangled by a gnoll

Skill      XL: |  1  2  3  4  5 |
---------------+----------------+-----
Maces & Flails | 5 7 8 |  8.5
Fighting       | |  4.0
Dodging        | |  2.6

Action                   |  1- 3 |  4- 6 || total
-------------------------+-------+-------++-------
Melee: Mace              |   133 |    93 ||   226
Invok: Berserk           |     2 |     2 ||     4
       Burn Spellbooks   |       |     1 ||     1
 Stab: Sleeping          |     1 |     1 ||     2
  Eat: Chunk             |     3 |     3 ||     6
       Pizza             |       |     1 ||     1
Armor: Animal skin       |    40 |    15 ||    55
Dodge: Dodged            |    71 |    49 ||   120
